 Dungeon Crawl Stone Soup version 0.25-a0-100-g33052ce (webtiles) character file.

Game seed: 13888507062416255205, levelgen mode: deterministic

287 Blackhawk the Shield-Bearer (level 6, -16/39 HPs)
             Began as a Gargoyle Fighter on Oct 21, 2019.
             Demolished by an ogre
             ... wielding a +0 giant spiked club
              (22 damage)
             ... on level 4 of the Dungeon on Nov 15, 2019.
             The game lasted 00:07:44 (3091 turns).

Blackhawk the Shield-Bearer (Gargoyle Fighter)      Turns: 3091, Time: 00:07:44

Health: -16/39     AC: 14    Str: 22    XL:     6   Next: 30%
Magic:  6/6        EV:  8    Int:  8    God:
Gold:   116        SH:  9    Dex:  9    Spells: 5/5 levels left

rFire    + . .     SeeInvis .   a - +0 war axe
rCold    x . .     Gourm    .   c - +0 shield
rNeg     + . .     Faith    .   h - +0 chain mail
rPois    ∞         Spirit   .   (no helmet)
rElec    +         Reflect  .   (no cloak)
rCorr    .         Harm     .   (no gloves)
MR       .....                  (no boots)
Stlth    ..........             (no amulet)
HPRegen  0.13/turn              p - +3 ring of evasion
MPRegen  0.10/turn              q - ring of fire

@: no status effects
A: negative energy resistance 1, electricity resistance, unbreathing,
petrification resistance, rot immunity, AC +4
a: no special abilities


You were on level 4 of the Dungeon.
You were not hungry.

You visited 1 branch of the dungeon, and saw 4 of its levels.

You collected 116 gold pieces.

Inventory:

Hand Weapons
 a - a +0 war axe (weapon)
 b - a +2 dagger of venom
Missiles
 o - a throwing net (quivered)
Armour
 c - a +0 shield (worn)
 h - a +0 chain mail (worn)
 t - a +0 scale mail
Jewellery
 p - a +3 ring of evasion (left hand)
 q - a ring of fire (right hand)
Scrolls
 j - a scroll of identify {unknown}
 l - 4 scrolls of teleportation {unknown}
 m - 2 scrolls of amnesia {unknown}
 r - a scroll of random uselessness {unknown}
 s - 2 scrolls of enchant weapon {unknown}
 w - a scroll of magic mapping {unknown}
Potions
 d - a potion of might
 e - a potion of heal wounds {unknown}
 g - 2 potions of haste {unknown}
 i - a potion of invisibility {unknown}
 k - 2 potions of brilliance {unknown}
 n - a potion of flight {unknown}
 u - 2 potions of lignification {unknown}
Comestibles
 f - 5 rations
 v - a chunk of flesh


   Skills:
 + Level 4.6 Fighting
 + Level 3.3 Axes
 + Level 4.6 Armour
 + Level 4.7 Shields


You had 5 spell levels left.
You didn't know any spells.
Your spell library was empty.

Dungeon Overview and Level Annotations

Branches:
Dungeon (4/15)
 Temple: D:4-7

Altars:
Fedhas
Wu Jian
Yredelemnul

Annotations:
D:3 1 runed translucent door, Kera's ghost, weakling KoSu


Innate Abilities, Weirdness & Mutations

You are resistant to torment.
Your stone body is resilient. (AC +4)
You are immune to poison.
You resist negative energy. (rN+)
You are resistant to electric shocks. (rElec)
You can survive without breathing.
You are immune to petrification.
You are immune to rotting.


Message History

You are too injured to fight recklessly!
You are too injured to fight recklessly!
You are too injured to fight recklessly!
You are too injured to fight recklessly!
You are too injured to fight recklessly!
You hit the ogre but do no damage.
The ogre hits you with a +0 giant spiked club!
* * * LOW HITPOINT WARNING * * *
You slash the ogre!
The ogre is moderately wounded.
The ogre barely misses you.
You slash the ogre!
The ogre is severely wounded.
The ogre hits you with a +0 giant spiked club.
* * * LOW HITPOINT WARNING * * *
You hit the ogre.
The ogre is almost dead.
The ogre hits you with a +0 giant spiked club!!
Ouch! That really hurt!
You die...

... ###...# ...#
#.....# # #..###
##.....##. #....
#......... #...
##........# #...
##........## #...##
##.........#
##...O#####.........##
#....!@.#...........#
#..###.....^.........##
#.. ##.....(....####.##
#.# ##........## ##...
..# ##......## #.... #
..# #.......####..## .#
#.# #.............# ..#
#.# #............##
#..## #.#
##...#######.##


You could see an ogre.

Vanquished Creatures
  An ogre (D:3)
  2 orc wizards (D:3)
  5 adders
  An ooze (D:3)
  2 dart slugs
  2 leopard geckos
  16 orcs (D:3)
  4 giant cockroaches
  5 goblins
  9 hobgoblins
  3 jackals (D:1)
  5 kobolds
  5 bats
  9 frilled lizards
  9 rats
78 creatures vanquished.

Vanquished Creatures (others)
  An orc wizard (D:3)
  A withered plant (D:3)
2 creatures vanquished.

Grand Total: 80 creatures vanquished

Notes
Turn   | Place    | Note
-------+----------+-------------------------------------------
     0 | D:1      | Blackhawk the Gargoyle Fighter began the quest for the Orb.
     0 | D:1      | Reached XP level 1. HP: 14/14 MP: 1/1
   142 | D:1      | Reached XP level 2. HP: 19/19 MP: 2/2
   582 | D:1      | Reached XP level 3. HP: 21/23 MP: 3/3
  1116 | D:2      | Found a blossoming altar of Fedhas.
  1379 | D:2      | Reached XP level 4. HP: 28/29 MP: 4/4
  1698 | D:2      | Found a basalt altar of Yredelemnul.
  1720 | D:3      | Found an ornate altar of the Wu Jian Council.
  2240 | D:3      | Found a runed translucent door.
  2241 | D:3      | Noticed Kera's ghost (weakling KoSu)
  2283 | D:3      | Reached XP level 5. HP: 32/33 MP: 5/5
  2419 | D:3      | Noticed an ogre
  2426 | D:3      | Killed an ogre
  2426 | D:3      | Reached XP level 6. HP: 37/39 MP: 6/6
  2537 | D:3      | Upgraded the game from 0.25-a0-41-g6cf4ce5 to
                  | 0.25-a0-100-g33052ce
  3091 | D:4      | Demolished by an ogre

Levels and vault maps discovered:
D:1:      dpeg_arrival_long_road, layout_loops_corners
D:2:      layout_loops_ring, nicolae_overflow_hidden_temple,
          lemuel_coloured_pillars_altar
D:3:      layout_loops_ring, overflow_temple_1_default, gammafunk_ghost_grave
D:4:      layout_layer_cave, lemuel_crystal_altar, kennysheep_little_box,
          minmay_temple_entry_hall, first_ration, uniq_pikel

Skill      XL: |  1  2  3  4  5 |
---------------+----------------+-----
Axes           | 2 3 |  3.3
Armour         | 4 |  4.6
Shields        | 4 |  4.7
Fighting       | 4 |  4.6

Action                   |  1- 3 |  4- 6 || total
-------------------------+-------+-------++-------
Melee: War axe           |   153 |   199 ||   352
  Eat: Chunk             |     2 |     6 ||     8
Armor: Scale mail        |     4 |       ||     4
       Chain mail        |    92 |   148 ||   240
Dodge: Dodged            |    42 |    64 ||   106
Block: Shield            |    89 |   109 ||   198

Table legend:
 A = Non-vault XP
 B = Vault XP
 C = Vault XP percentage of total XP
 D = Non-vault monster count
 E = Vault monster count
 F = Vault count percentage of total count
                 A         B        C        D         E       F
            +---------+---------+-------+---------+---------+-------
      Total |     411 |       0 |   0.0 |      78 |       0 |   0.0
            +---------+---------+-------+---------+---------+-------
        D:1 |      35 |       0 |   0.0 |      22 |       0 |   0.0
        D:2 |      65 |       0 |   0.0 |      18 |       0 |   0.0
        D:3 |     309 |       0 |   0.0 |      37 |       0 |   0.0
        D:4 |       2 |       0 |   0.0 |       1 |       0 |   0.0
            +---------+---------+-------+---------+---------+-------
